 Dungeon Crawl Stone Soup version 0.29.1-12-g30fa7ad0bf (webtiles) character file.

Game seed: 10609196720134020406

617 Jushak the Caller (level 7, -4/41 HPs)
             Began as a Deep Elf Summoner on Jan 11, 2023.
             Killed from afar by a steam dragon (16 damage)
             ... with a ball of steam
             ... on level 4 of the Dungeon.
             The game lasted 00:29:22 (6198 turns).

Jushak the Caller (Deep Elf Summoner)               Turns: 6198, Time: 00:29:24

Health: -4/41      AC:  4    Str:  5    XL:     7   Next: 21%
Magic:  16/16      EV: 13    Int: 22    God:
Gold:   231        SH:  0    Dex: 15    Spells: 10/16 levels left

rFire   . . .      SeeInvis .   k - +3 spear (venom)
rCold   . . .      Faith    .   (no shield)
rNeg    . . .      Spirit   .   a - +1 robe
rPois   .          Reflect  .   (no helmet)
rElec   .          Harm     .   m - +0 cloak
rCorr   +          Rampage  .   (no gloves)
Will    .....                   (no boots)
Stlth   +++.......              (no amulet)
HPRegen 0.13/turn               q - ring of resist corrosion
MPRegen 0.15/turn               (no ring)

@: no status effects
A: no striking features
a: no special abilities


You were on level 4 of the Dungeon.
You visited 1 branch of the dungeon, and saw 5 of its levels.

You collected 231 gold pieces.

Inventory:

Hand Weapons
 g - a +4 vorpal hand axe
 k - a +3 spear of venom (weapon)
 r - the +7 sling of Amnyag {speed, Dex+4}
   (You found it on level 4 of the Dungeon)

   Attacks with this weapon are significantly faster.
   Dex:       It affects your dexterity (+4).
Missiles
 o - 3 poisoned darts
 t - 3 atropa-tipped darts
 v - 36 stones (quivered)
Armour
 a - a +1 robe (worn)
 m - a +0 cloak (worn)
Magical Staves
 x - a staff of conjuration
Jewellery
 q - a ring of resist corrosion (left hand)
Wands
 n - a wand of iceblast (14)
Scrolls
 c - 2 scrolls of immolation
 f - 2 scrolls of enchant weapon
 h - 3 scrolls of identify
 i - a scroll of summoning {unknown}
 j - a scroll of magic mapping
 u - a scroll of fear {unknown}
Potions
 b - a potion of magic
 d - 3 potions of curing
 e - a potion of cancellation {unknown}
 l - a potion of might
 p - a potion of haste {unknown}
 s - a potion of brilliance {unknown}


   Skills:
 * Level 3.5 Fighting
 + Level 4.3 Dodging
 + Level 4.7 Stealth
 + Level 5.1 Spellcasting
 + Level 5.5 Summonings


You had 10 spell levels left.
You knew the following spells:

 Your Spells              Type           Power      Damage    Failure   Level
a - Summon Small Mammal   Summ           100%       N/A       1%          1
b - Call Imp              Summ           30%        N/A       1%          2
c - Call Canine Familiar  Summ           30%        N/A       3%          3

Your spell library contained the following spells:

 Spells                   Type           Power      Damage    Failure   Level
 Magic Dart               Conj           20%        1d4       10%         1
 Sting                    Tmut/Pois      20%        1d4       10%         1
 Summon Guardian Golem    Hex/Summ       17%        N/A       10%         3
 Ensorcelled Hibernation  Hex/Ice        10%        N/A       16%         2
 Poisonous Vapours        Pois/Air       10%        N/A       16%         2
 Static Discharge         Conj/Air       5%         3-4/arc   16%         2
 Mephitic Cloud           Conj/Pois/Air  5%         N/A       30%         3
 Spider Form              Tmut/Pois      5%         N/A       30%         3
 Summon Lightning Spire   Summ/Air       17%        N/A       32%         4
 Anguish                  Hex/Necr       2%         N/A       69%         4
 Dispel Undead            Necr           5%         3d7       69%         4
 Olgreb's Toxic Radiance  Pois           5%         N/A       69%         4
 Sticky Flame             Conj/Fire      5%         2d3       69%         4


Dungeon Overview and Level Annotations

Branches:
Dungeon (5/15)
 Temple: D:4-7

Altars:
Nemelex Xobeh

Annotations:
D:5 Edmund


Message History

Your quokka bites the phantom.
Your crimson imp hits the steam dragon.
The steam dragon bites your crimson imp!
The steam dragon misses your crimson imp.
Something bites your crimson imp!
Your crimson imp dies!
Your crimson imp disappears in a puff of smoke!
The steam dragon breathes steam at you. The ball of steam hits you!
There is a stone staircase leading up here.
You climb upwards.
There is a stone staircase leading down here.
You start resting.
Magic restored.
You start resting.
HP restored.
You see here a +0 sling.
There is a stone staircase leading down here.
You climb downwards.
You hear the sound of rushing water.
There is an entrance to a sewer on this level.
Hurry and find it before the portal rusts away!
Level annotation: Edmund You hear the rapid rusting of a very distant drain.
There is a stone staircase leading up here.
The steam dragon breathes steam at you. The ball of steam hits you!!
You hear a bark!
You climb upwards.
There is a stone staircase leading down here.
As you read the scroll of butterflies, it crumbles to dust.
You hear the tinkle of a tiny bell.
The steam dragon misses you. The steam dragon completely misses you.
You swap places.
The steam dragon barely misses you. The steam dragon claws you.
The steam dragon attacks as you move away!
The steam dragon bites you.
* * * LOW HITPOINT WARNING * * *
The steam dragon closely misses you. The steam dragon breathes steam at you.
The ball of steam hits you!
You die...

#.# #.####...##.#.#.#
#.# #.# #...##.#.#.#
#.# #.# #...##.#.#.#
#.###.####...##.#.#.#
#....................
#..##.#########.#.#..
#.###.# #.#.###
#b###.#########.#.#
#bD§@.b......)....###
#####.#########)#...#
######.#### #.#.#..
#.........######.#....
#.........##...#.#####
#.........##...#.).)..
#.........'....'....).
#.........##...######.
#.........##...# #.


You could see a steam dragon (catching breath, ally target).

Vanquished Creatures
  A phantom (D:4)
  A necrophage (D:5)
  2 orc wizards (D:5)
  A gnoll (D:2)
  2 adders
  2 endoplasms (D:4)
  A giant cockroach (D:2)
  3 goblins
  A hobgoblin (D:4)
  3 jackals (D:3)
  A quokka (D:3)
  2 ball pythons (D:3)
  2 bats (D:3)
  2 kobolds
24 creatures vanquished.

Vanquished Creatures (collateral kills)
  A black bear (D:4)
  A scorpion (D:4)
  A jelly (D:4)
  2 orc priests (D:3)
  An iguana (D:4)
  An orc wizard (D:5)
  Robin (D:4)
  2 gnolls (D:2)
  An adder (D:4)
  2 worms (D:2)
  4 dart slugs
  6 orcs
  4 ball pythons
  4 bats
  3 endoplasms (D:4)
  7 goblins
  5 hobgoblins
  A kobold (D:3)
  5 quokkas
  3 frilled lizards (D:2)
  5 rats
60 creatures vanquished.

Grand Total: 84 creatures vanquished

Notes
Turn   | Place    | Note
-------+----------+-------------------------------------------
     0 | D:1      | Jushak the Deep Elf Summoner began the quest for the Orb.
     0 | D:1      | Reached XP level 1. HP: 10/10 MP: 6/6
   377 | D:1      | Reached XP level 2. HP: 16/16 MP: 5/8
  1178 | D:2      | Reached skill level 1 in Fighting
  1255 | D:2      | Reached XP level 3. HP: 17/20 MP: 6/9
  1531 | D:2      | Found a faded altar of an unknown god.
  2027 | D:2      | Reached XP level 4. HP: 25/25 MP: 9/11
  2076 | D:2      | Learned a level 2 spell: Call Imp
  2080 | D:2      | Learned a level 3 spell: Call Canine Familiar
  3155 | D:3      | Reached XP level 5. HP: 30/30 MP: 9/12
  3801 | D:4      | Reached skill level 5 in Summonings
  3854 | D:4      | Noticed Robin
  3870 | D:4      | Reached XP level 6. HP: 36/36 MP: 11/14
  3871 | D:4      | Killed Robin
  4349 | D:4      | Identified the +7 sling of Amnyag {speed, Dex+4}
  4498 | D:4      | Found a sparkling altar of Nemelex Xobeh.
  5699 | D:5      | Entered Level 5 of the Dungeon
  5762 | D:5      | Reached skill level 5 in Spellcasting
  5762 | D:5      | Reached XP level 7. HP: 41/41 MP: 10/16
  5949 | D:5      | Noticed Edmund
  5957 | D:5      | Noticed a steam dragon
  6198 | D:4      | Killed from afar by a steam dragon

Illustrated notes

Levels and vault maps discovered:
D:1:      giann_horns, layout_loops_corners
D:2:      layout_basic, hellmonk_ecumenical_altar_crossroads, chequers_garden,
          nicolae_kite_square_tiling_tiny
D:3:      layout_rooms, minivault_19
D:4:      layout_basic, nemelex_spade_bored_becter, uniq_robin
D:5:      layout_basic, minmay_temple_entry_wispy,
          cheibrodos_sewer_entry_sluice, uniq_edmund

Skill      XL: |  1  2  3  4  5  6 |
---------------+-------------------+-----
Fighting       | 1 2 3 |  3.5
Stealth        | 3 4 |  4.7
Dodging        | 3 4 |  4.3
Spellcasting   | 4 5 |  5.1
Summonings     | 5 |  5.5

Action                   |  1- 3 |  4- 6 |  7- 9 || total
-------------------------+-------+-------+-------++-------
Melee: Unarmed           |     4 |       |       ||     4
       Hand axe          |     9 |       |       ||     9
       Spear             |     2 |    54 |    14 ||    70
 Cast: Summon Small Mamm |    64 |    97 |    20 ||   181
       Call Imp          |       |    22 |     2 ||    24
  Use: Scroll            |       |     8 |     1 ||     9
 Stab: Sleeping          |       |     1 |       ||     1
       Distracted        |       |     1 |       ||     1
Armor: Robe              |     4 |     4 |     3 ||    11
Dodge: Dodged            |    12 |    26 |     9 ||    47
